[Event "*** SCC Grand Prix: Titled Tuesday Blitz"]
[Site "Chess.com"]
[Date "2020.06.02"]
[Round "2"]
[White "Tormoz"]
[Black "Angel_Hranitel_37"]
[Result "1-0"]
[WhiteElo "2661"]
[BlackElo "2383"]
[TimeControl "180+1"]
[EndTime "10:17:43 PDT"]
[Termination "Tormoz won by checkmate"]

1. d4 Nf6 2. Nf3 g6 3. g3 Bg7 4. Bg2 O-O 5. O-O d6 6. c4 Nc6 7. Nc3 Bf5 8. b3 Ne4 9. Bb2 Nxc3 10. Bxc3 Be4 11. e3 e6 12. Re1 d5 13. Bf1 g5 14. Nd2 Bg6 15. Bg2 h5 16. b4 Ne7 17. b5 c6 18. Qa4 dxc4 19. bxc6 Nxc6 20. Qb5 Rb8 21. Nxc4 Bd3 22. Rad1 a6 23. Qb3 Bg6 24. Nb6 Ne7 25. Ba5 Qe8 26. Bb4 Qd8 27. Bc5 Re8 28.
d5 Nc8 29. dxe6 Qc7 30. Nd7 b6 31. Nxb8 Qxb8 32. exf7+ Bxf7 33. Bd5 Qc7 34. Bxb6 Nxb6 35. Bxf7+ Qxf7 36. Qxb6 Kh8 37. Rd8 Kh7 38. Qb1+ Kh6 39. Red1 Rf8 40. R1d6+ Bf6 41. Rxf8 Qxf8 42. Qb6 Kg7 43.
Qxa6 Be5 44. Rd7+ Kg8 45. Qg6+ Kh8 46. Qh7# 1-0

[Event "*** SCC Grand Prix: Titled Tuesday Blitz"]
[Site "Chess.com"]
[Date "2020.06.02"]
[Round "2"]
[White "LittlePeasant"]
[Black "RitvarsReimanis"]
[Result "1-0"]
[WhiteElo "2785"]
[BlackElo "2522"]
[TimeControl "180+1"]
[EndTime "10:17:44 PDT"]
[Termination "LittlePeasant won by resignation"]

1. Nf3 Nf6 2. c4 e6 3. b3 d5 4. g3 Be7 5. Bg2 c5 6. e3 Nc6 7.
Bb2 d4 8. exd4 cxd4 9. O-O O-O 10. Re1 Re8 11. d3 a5 12. Na3 Bb4 13. Re2 e5 14. Nc2 Bf8 15. Qe1 e4 16. Nfxd4 Nxd4 17. Nxd4 exd3 18. Rxe8 Nxe8 19. Rd1 Bb4 20. Qe3 a4 21. a3 Bf8 22. b4 Qc7 23. c5 Bg4 24. Rxd3 Nf6 25. Nb5 Qc8 26. Bxf6 gxf6 27. Nd6 Bxd6 28.
Rxd6 Ra6 29. Rxa6 bxa6 30. c6 Qc7 31. Qd4 Be6 32. Qxf6 Qd6 33. h4 Qd1+ 34. Kh2 Qc1 35. Qg5+ Qxg5 36. hxg5 Kf8 37. Bf1 Bc8 38. b5 axb5 39.
Bxb5 Ke7 40. Bxa4 Kd6 41. Bc2 Kxc6 42. Bxh7 Kd5 43. Bg8 Be6 44. g6 fxg6 45. Bxe6+ Kxe6 46. Kh3 1-0

[Event "*** SCC Grand Prix: Titled Tuesday Blitz"]
[Site "Chess.com"]
[Date "2020.06.02"]
[Round "2"]
[White "mohssenbinaddi"]
[Black "1977Ivan"]
[Result "0-1"]
[WhiteElo "2060"]
[BlackElo "2601"]
[TimeControl "180+1"]
[EndTime "10:17:44 PDT"]
[Termination "1977Ivan won by resignation"]

1. Nf3 d6 2. g3 e5 3. Bg2 f5 4.
d3 Nf6 5. Bg5 Be7 6. O-O O-O 7. Nbd2 Nc6 8. c3 Kh8 9. e4 f4 10. d4 Bg4 11. d5 Nb8 12. Qb3 Nbd7 13. h3 Bh5 14. Bxf6 Bxf6 15. g4 Bg6 16. Ne1 a5 17. Nd3 b6 18. Bf3 Bh4 19. Kg2 Qg5 20. Rg1 h6 21. Kf1 Nf6 22. Qc4 Ra7 23. a3 Nh7 24. Bd1 Qd8 25. Nf3 Be7 26. Rh1 Nf6 27.
Nd2 Nd7 28. Nf3 Nf6 29. Nd2 f3 30. Bxf3 Nh7 31. Bg2 Bh4 32. Ke2 Ng5 33. Raf1 Qe8 34. Kd1 b5 35. Qc6 Qxc6 36. dxc6 Ra6 37. f4 exf4 38.
Nxf4 Kh7 39. Nxg6 Rxf1+ 40. Rxf1 Kxg6 41. e5 dxe5 42. Kc2 a4 43. Ne4 Ne6 44. Nc5 Nxc5 0-1

[Event "*** SCC Grand Prix: Titled Tuesday Blitz"]
[Site "Chess.com"]
[Date "2020.06.02"]
[Round "2"]
[White "Makswolf200817"]
[Black "abfchess"]
[Result "1-0"]
[WhiteElo "2383"]
[BlackElo "2082"]
[TimeControl "180+1"]
[EndTime "10:17:44 PDT"]
[Termination "Makswolf200817 won by resignation"]

1. Nf3 d5 2. e3 c6 3. c4 Bg4 4.
Qb3 Qb6 5. Qxb6 axb6 6. cxd5 cxd5 7. Nc3 e6 8. Ne5 Bf5 9. Bb5+ Ke7 10. b3 f6 11. Nf3 Nc6 12. O-O Nb4 13. a4 Kf7 14.
Nd4 Bg6 15. f4 Nh6 16. Bd7 Bf5 17. h3 Bc5 18. g4 Bxd4 19. gxf5 Bxc3 20. dxc3 Nc6 21.
Bxe6+ Ke7 22. Bxd5 Nxf5 23. e4 Nh6 24. Ba3+ Kd7 25.
Rad1 Kc7 26. Rd2 Rad8 27. Rfd1 Rd7 28. b4 Rhd8 29. b5 Ne7 30. c4 Ng6 31. Rf2 Nf7 32. Kg2 Nd6 33. Rc1 Nh4+ 34. Kg3 Ng6 35. c5 bxc5 36. Bxc5 Kb8 37. Rfc2 Ne8 38. Bb6 Nd6 39. Bxd8 Rxd8 40. a5 Rc8 41. Rxc8+ Nxc8 42. a6 bxa6 43. bxa6 Nge7 44. Bb7 Na7 45. e5 fxe5 46. fxe5 h6 47. Kf4 g5+ 48. Ke4 h5 49. e6 g4 50. hxg4 hxg4 51.
Kf4 Ng6+ 52. Kxg4 Ne5+ 53. Kf5 Nd3 54. e7 1-0

[Event "*** SCC Grand Prix: Titled Tuesday Blitz"]
[Site "Chess.com"]
[Date "2020.06.02"]
[Round "2"]
[White "GoltsevDmitry2000"]
[Black "Training_Day"]
[Result "1-0"]
[WhiteElo "2646"]
[BlackElo "2333"]
[TimeControl "180+1"]
[EndTime "10:17:45 PDT"]
[Termination "GoltsevDmitry2000 won by resignation"]

1. e4 e5 2. Nf3 Nc6 3. Bb5 a6 4.
Ba4 Nf6 5. O-O Nxe4 6. d4 Be7 7. dxe5 Nc5 8. Bxc6 dxc6 9. Qxd8+ Bxd8 10. Bg5 Bf5 11. c3 Ne6 12. Bxd8 Rxd8 13. Nbd2 h6 14. Nb3 c5 15. h3 b6 16. Rad1 Ke7 17. Nc1 Bc2 18.
Rxd8 Rxd8 19. Re1 a5 20. g3 Ng5 21. Kg2 Ke6 22. h4 Nxf3 23. Kxf3 Rd5 24. Kf4 Rd2 25. Re2 Rxe2 26. Nxe2 b5 27. b4 cxb4 28. cxb4 axb4 29.
Nd4+ Kd7 30. Nxc2 c5 31. Ke4 c4 32. Nxb4 1-0

[Event "*** SCC Grand Prix: Titled Tuesday Blitz"]
[Site "Chess.com"]
[Date "2020.06.02"]
[Round "2"]
[White "JesseKraai"]
[Black "BelaKis"]
[Result "1-0"]
[WhiteElo "2429"]
[BlackElo "2197"]
[TimeControl "180+1"]
[EndTime "10:17:45 PDT"]
[Termination "JesseKraai won on time"]

1. d4 Nf6 2. c4 g6 3. Nc3 Bg7 4. e4 d6 5. Nf3 O-O 6. Be2 e5 7. d5 a5 8. Bg5 h6 9. Bh4 Na6 10. Nd2 Qe8 11. O-O Nh7 12. a3 Bd7 13. b3 h5 14. f3 Bh6 15. Rb1 Nc5 16. Qc2 Kg7 17. b4 axb4 18. axb4 Na4 19. Nb5 Be3+ 20. Bf2 Bxf2+ 21.
Rxf2 Bxb5 22. cxb5 Qe7 23. Rff1 Nb6 24. Rfc1 Rfc8 25.
Ra1 Rxa1 26. Rxa1 Nf6 27. Ra7 Rb8 28. Nb3 Qd8 29. Na5 Qc8 30. h4 Ne8 31. Qc1 Nd7 32. Qg5 Ndf6 33. Kh2 Nh7 34. Qe7 Nhf6 35. Bf1 Ng8 36.
Qg5 f6 37. Qe3 b6 38. Nc6 Ra8 39. Qa3 Rxa7 40. Qxa7 Kf7 41. g3 Ne7 42. Bh3 Nxc6 43. bxc6 Qd8 44. Bd7 Kf8 45. Qb7 Ng7 46. Kg2 Ke7 47. Kf2 Kf8 48. Ke2 Ke7 49. Kd3 Kf8 50. Kc4 Ke7 51. Kb5 f5 52. Ka6 fxe4 53. fxe4 Ne8 54.
Bxe8 Kxe8 55. Ka7 g5 56. Qb8 gxh4 57. gxh4 1-0

[Event "*** SCC Grand Prix: Titled Tuesday Blitz"]
[Site "Chess.com"]
[Date "2020.06.02"]
[Round "2"]
[White "TheNextLevelFan"]
[Black "BJthechessgod"]
[Result "1-0"]
[WhiteElo "2377"]
[BlackElo "2050"]
[TimeControl "180+1"]
[EndTime "10:17:45 PDT"]
[Termination "TheNextLevelFan won by resignation"]

1. d4 Nf6 2. c4 g6 3. Nc3 d5 4. Bf4 Bg7 5. e3 O-O 6. Nf3 c5 7. dxc5 Qa5 8. Rc1 Rd8 9. Qb3 Qxc5 10. Be2 Nc6 11. O-O Na5 12. Qb5 Qxb5 13. cxb5 Bf5 14. Bc7 Nc4 15. Bxd8 Rxd8 16. b3 Nd6 17. Rfd1 Nde4 18.
Nxe4 Nxe4 19. Nd4 Bd7 20. Rc7 e5 21. Nf3 Be6 22. Nd2 Nd6 23. e4 d4 24. Bc4 Bxc4 25.
Nxc4 Nxb5 26. Rxb7 Nc3 27. Re1 f5 28. f3 fxe4 29.
fxe4 Bh6 30. Nxe5 d3 31. Nxd3 Rxd3 32. e5 Be3+ 33. Kh1 Bd4 34. e6 Nd5 35. e7 Nxe7 36.
Rbxe7 Rd2 37. R7e2 Rd3 38. h3 Rc3 39. Rd1 Kf7 40.
Rxd4 Rc1+ 41. Kh2 Ra1 42. Ra4 1-0

[Event "*** SCC Grand Prix: Titled Tuesday Blitz"]
[Site "Chess.com"]
[Date "2020.06.02"]
[Round "2"]
[White "Funkmaus"]
[Black "Diego_FloresQ"]
[Result "0-1"]
[WhiteElo "2204"]
[BlackElo "2434"]
[TimeControl "180+1"]
[EndTime "10:17:46 PDT"]
[Termination "Diego_FloresQ won by checkmate"]

1. d4 Nf6 2. Nf3 c5 3. c3 d5 4. Bf4 Nc6 5. e3 Qb6 6. Qb3 c4 7. Qc2 Bf5 8. Qc1 h6 9. Nbd2 Qd8 10. b3 b5 11. a4 a6 12. Be2 e6 13. O-O Be7 14.
Ne5 Nxe5 15. Bxe5 O-O 16. Bf3 Bd3 17. Re1 Nd7 18. Bg3 f5 19. b4 g5 20. Be5 Nxe5 21. dxe5 Qc7 22. Be2 Bxe2 23. Rxe2 Qxe5 24. Nf3 Qd6 25.
axb5 axb5 26. Nd4 Qb6 27. Rea2 Rxa2 28. Rxa2 Bf6 29. Qa1 Bxd4 30. exd4 Re8 31. Ra6 Qc7 32. Ra7 Qb6 33. Ra6 Qd8 34. g3 Kf7 35. Ra7+ Kg6 36.
Qa6 Qb8 37. Rd7 Qa8 38. Qb6 Qa1+ 39. Kg2 Qxc3 40. Qc7 Qxd4 41. h3 Qe4+ 42. Kh2 Qd4 43. Kg2 f4 44. Rh7 f3+ 45. Kh2 Qxf2+ 46. Kh1 Qg2# 0-1

[Event "*** SCC Grand Prix: Titled Tuesday Blitz"]
[Site "Chess.com"]
[Date "2020.06.02"]
[Round "2"]
[White "VladimirBugayev"]
[Black "ajian"]
[Result "0-1"]
[WhiteElo "2151"]
[BlackElo "2401"]
[TimeControl "180+1"]
[EndTime "10:17:46 PDT"]
[Termination "ajian won by checkmate"]

1. e4 c5 2. a3 g6 3. h4 h5 4. Nc3 Bg7 5. Bc4 Nc6 6. d3 e6 7. Bg5 Nge7 8. Qd2 a6 9. a4 Nd4 10. Nge2 Qc7 11. Bxe7 Kxe7 12. f4 d6 13. O-O Bd7 14.
Rae1 b5 15. axb5 axb5 16. Bb3 b4 17. Nd1 Nxb3 18. cxb3 Bh6 19. Ne3 Kf8 20. Rf3 Kg7 21.
Ref1 Rhf8 22. f5 exf5 23. exf5 Rae8 24. Nf4 Rxe3 25. Qxe3 Bxf5 26. Qf2 Bg4 27. Rg3 Re8 28. Nd5 Qb7 29. Qf6+ Kg8 30. Nf4 Bg7 31. Qg5 Re5 32. Qd8+ Kh7 33. Qxd6 Rf5 34. Rxg4 hxg4 35. g3 Bd4+ 36.
Kh2 Be5 37. Qxc5 Bxf4 38. Qc4 Bxg3+ 39. Kg1 Rxf1+ 40. Kxf1 Qf3+ 41. Kg1 Qf2+ 42. Kh1 Qh2# 0-1

[Event "*** SCC Grand Prix: Titled Tuesday Blitz"]
[Site "Chess.com"]
[Date "2020.06.02"]
[Round "2"]
[White "JoachimMouhamad"]
[Black "Zurability"]
[Result "0-1"]
[WhiteElo "2471"]
[BlackElo "2718"]
[TimeControl "180+1"]
[EndTime "10:17:47 PDT"]
[Termination "Zurability won by checkmate"]

1. e4 c5 2. Nf3 d6 3. d4 cxd4 4. Nxd4 Nf6 5. Nc3 a6 6. f3 e5 7.
Nb3 Be6 8. Be3 h5 9. Qd2 Nbd7 10. Nd5 Bxd5 11. exd5 Rc8 12. Be2 Nb6 13. O-O-O Nbxd5 14. Bg5 Be7 15. Kb1 O-O 16. h4 e4 17. Nd4 Qd7 18.
g4 exf3 19. Bxf3 hxg4 20. Bg2 Rc5 21. h5 Nc7 22. h6 Ne4 23. Bxe4 Bxg5 24. Qf2 g6 25. h7+ Kh8 26. Nb3 Re5 27. Bxb7 f5 28.
Qd4 Qe7 29. Qb6 f4 30. Rxd6 f3 31. a3 f2 32. Bg2 Re1+ 33. Rd1 Rxd1+ 34. Rxd1 Qe1 35.
Qd4+ Bf6 36. Qd3 Bg7 37. Ka2 Ne6 38. Nc1 Nf4 39. Qf1 Nxg2 40. Rxe1 fxe1=Q 41. Qxg2 Qxc1 42.
Qxg4 Qxb2# 0-1

[Event "*** SCC Grand Prix: Titled Tuesday Blitz"]
[Site "Chess.com"]
[Date "2020.06.02"]
[Round "2"]
[White "tigra"]
[Black "allvim"]
[Result "1-0"]
[WhiteElo "2716"]
[BlackElo "2321"]
[TimeControl "180+1"]
[EndTime "10:17:47 PDT"]
[Termination "tigra won by checkmate"]

1. d4 Nf6 2. Bf4 d5 3. e3 c5 4. c3 Nc6 5. Nd2 Qb6 6. dxc5 Qxc5 7. Ngf3 e6 8. Bd3 Be7 9. a4 Qb6 10. b4 O-O 11. O-O Nh5 12. a5 Qd8 13. Qb1 f5 14. a6 Nxf4 15. exf4 b6 16. Nb3 Bf6 17. Nbd4 Nxd4 18.
cxd4 Bd7 19. Re1 Rc8 20. Qb2 Qc7 21. Ne5 Bxe5 22. dxe5 Qc3 23. Qb1 Qd4 24. g3 Rc3 25.
Rd1 g6 26. Bxf5 Qc4 27. Bd3 Qc7 28. h4 Rc8 29. Qb2 Kg7 30. Qe2 Be8 31. Qg4 Bf7 32.
h5 Qe7 33. Kg2 Qxb4 34. hxg6 hxg6 35. Qg5 Qf8 36. Rh1 Qd8 37. Qh6+ Kg8 38. Qh8# 1-0

[Event "*** SCC Grand Prix: Titled Tuesday Blitz"]
[Site "Chess.com"]
[Date "2020.06.02"]
[Round "2"]
[White "UCantHandleDenker"]
[Black "Khvicha_Supatashvili"]
[Result "0-1"]
[WhiteElo "2469"]
[BlackElo "2717"]
[TimeControl "180+1"]
[EndTime "10:17:48 PDT"]
[Termination "Khvicha_Supatashvili won on time"]

1. Nf3 d5 2. g3 Bg4 3. Bg2 e6 4.
O-O c6 5. d3 Nf6 6. Nbd2 Nbd7 7.
h3 Bh5 8. Qe1 Bc5 9. e4 dxe4 10.
dxe4 e5 11. Kh1 O-O 12. a4 Re8 13. Nc4 Qc7 14. b4 Bf8 15. Bb2 Bg6 16. Nh4 b5 17. Nxg6 hxg6 18. axb5 cxb5 19. Ne3 Nb6 20. Ra6 Rad8 21.
Qa1 Na4 22. Ra5 Rb8 23. c3 Red8 24. c4 Nxb2 25. Rxa7 Qc6 26. Qxb2 bxc4 27. Qa2 Rxb4 28. Nd5 Nxd5 29. exd5 Qf6 30. f4 e4 31. Bxe4 Rb3 32.
Qa5 Rxg3 33. Bg2 Re8 34. Qc7 Re2 35. Ra8 Rgxg2 36. Rxf8+ Kxf8 37. Qc8+ Re8 38. Qc5+ Kg8 39. Kxg2 Re2+ 40. Kf3 Qb2 41. Qc8+ Kh7 0-1

[Event "*** SCC Grand Prix: Titled Tuesday Blitz"]
[Site "Chess.com"]
[Date "2020.06.02"]
[Round "2"]
[White "LuckSlayeer"]
[Black "KaterynaLagno"]
[Result "0-1"]
[WhiteElo "2452"]
[BlackElo "2682"]
[TimeControl "180+1"]
[EndTime "10:17:48 PDT"]
[Termination "KaterynaLagno won by resignation"]

1. Nf3 Nf6 2. c4 g6 3. Nc3 Bg7 4.
e4 e5 5. d4 exd4 6. Nxd4 O-O 7. Be2 Re8 8. f3 c6 9. O-O d5 10.
cxd5 cxd5 11. Bg5 dxe4 12. fxe4 h6 13. Bh4 g5 14. Ndb5 Na6 15. Qxd8 Rxd8 16. Bg3 Be6 17. Be5 Nd7 18. Bxg7 Kxg7 19. Rad1 Ne5 20. Nd6 Nb4 21. Nxb7 Rxd1 22. Rxd1 Nxa2 23. Nd5 Rb8 24. Nc5 Rxb2 25. Bf1 Bg4 26. Re1 a5 27. h3 Bxh3 28. Kh1 Bg4 29.
Ne3 a4 30. Nxg4 Nxg4 31. Bc4 Nc3 32. Nd3 Nf2+ 33. Nxf2 Rxf2 34. Ra1 Rf4 35. Bd5 Nxd5 36. exd5 Rd4 37. d6 Rxd6 38. Rxa4 h5 39. Kh2 Kg6 40. Ra5 f6 41. g3 Rd4 42. Kg2 h4 43. gxh4 Rxh4 44.
Ra6 Rb4 45. Ra5 Kh5 46. Kh3 Rb3+ 47. Kg2 Kh4 48. Ra6 f5 49. Ra5 f4 50. Ra6 g4 51.
Rh6+ Kg5 52. Rh8 Rb2+ 53. Kg1 f3 54. Rf8 Kh4 55. Kf1 Kg3 0-1

[Event "*** SCC Grand Prix: Titled Tuesday Blitz"]
[Site "Chess.com"]
[Date "2020.06.02"]
[Round "2"]
[White "letsgoband"]
[Black "iaraldinho"]
[Result "1-0"]
[WhiteElo "2448"]
[BlackElo "2649"]
[TimeControl "180+1"]
[EndTime "10:17:48 PDT"]
[Termination "letsgoband won by resignation"]

1. e4 c5 2. Nf3 a6 3. Nc3 e6 4. g3 Nc6 5. Bg2 Nf6 6. O-O Be7 7. d4 cxd4 8. Nxd4 Nxd4 9. Qxd4 Qc7 10. Bf4 d6 11.
Qd2 O-O 12. Rad1 e5 13. Bg5 Bg4 14. Bxf6 Bxf6 15. Qxd6 Qa5 16. Rd5 b5 17. a3 Be6 18.
Rdd1 Rac8 19. Rfe1 h6 20. h4 Rfd8 21. Qb4 Qxb4 22.
axb4 Rd4 23. Nd5 Rxc2 24. Ra1 Rdd2 25. Rf1 Rxb2 26. Rxa6 Bxd5 27. exd5 e4 28. Bxe4 Kf8 29. d6 Ra2 30. Rxa2 Rxa2 31. Rc1 g6 32. Rc8+ Kg7 33. d7 Rd2 34. Bc6 Be7 35. Bxb5 g5 36. hxg5 hxg5 37.
Bc6 g4 38. b5 Rd1+ 39. Kg2 Rd2 40. Kf1 Kf6 41. b6 Rd1+ 42. Ke2 Rb1 43. b7 Rb2+ 44. Kd3 Rb3+ 45. Kc2 1-0

[Event "*** SCC Grand Prix: Titled Tuesday Blitz"]
[Site "Chess.com"]
[Date "2020.06.02"]
[Round "2"]
[White "Khayala13"]
[Black "arminmusovic"]
[Result "0-1"]
[WhiteElo "2280"]
[BlackElo "2527"]
[TimeControl "180+1"]
[EndTime "10:17:48 PDT"]
[Termination "arminmusovic won on time"]

1. e4 c6 2. d4 d5 3. Nc3 dxe4 4.
Nxe4 Nf6 5. Nxf6+ exf6 6. c3 Bd6 7. Bd3 O-O 8. Qc2 Re8+ 9. Ne2 Kh8 10. Be3 Nd7 11.
O-O Nf8 12. c4 Qc7 13. h3 Be6 14. c5 Be7 15. Ng3 Rad8 16. Nf5 Bd5 17. Nxe7 Rxe7 18. Rae1 Rde8 19. Qd2 Qd7 20. b3 Ng6 21. Bxg6 hxg6 22. Bf4 Qf5 23. Bd6 Re4 24. Qa5 a6 25. Qc3 Kh7 26. f3 Re2 27. Rxe2 Rxe2 28. Rf2 Re6 29. Qc1 Qd3 30. Qd2 Qb1+ 31. Kh2 Re1 32. Qf4 Rh1+ 33.
Kg3 g5 34. Qg4 Kg6 35. f4 Qd3+ 36. Rf3 Bxf3 37. f5+ Qxf5 38. Qxf5+ Kxf5 39. Kxf3 Rf1+ 40. Ke2 Ra1 41. a4 Ke4 42. Bf8 Ra2+ 43. Kf1 Kxd4 44. Bxg7 Ke5 45. g4 Ke6 0-1

[Event "*** SCC Grand Prix: Titled Tuesday Blitz"]
[Site "Chess.com"]
[Date "2020.06.02"]
[Round "2"]
[White "Radzio1987"]
[Black "AliKa2810"]
[Result "1/2-1/2"]
[WhiteElo "2908"]
[BlackElo "2572"]
[TimeControl "180+1"]
[EndTime "10:17:49 PDT"]
[Termination "Game drawn by repetition"]

1. Nf3 Nf6 2. c4 e6 3. d4 d5 4. g3 Bb4+ 5. Bd2 Be7 6. Qc2 O-O 7. Bg2 Nbd7 8. O-O c6 9. Rd1 b6 10. b3 a5 11. Bc3 Ne4 12. Bb2 Ba6 13. Ne1 f5 14.
Nd2 Bd6 15. Nd3 Qf6 16. Nf3 Rac8 17. Rac1 Qe7 18. Nfe5 Nxe5 19. Nxe5 Bb7 20. e3 c5 21.
Qe2 Rc7 22. dxc5 bxc5 23. Nd3 dxc4 24. bxc4 Nf6 25. Be5 Bxg2 26. Kxg2 Rb7 27. Rb1 Rfb8 28. Rxb7 Rxb7 29. Bxf6 Qxf6 30. Qc2 h5 31. h4 g5 32.
hxg5 Qxg5 33. Rh1 Rg7 34. Kf1 Bxg3 35. fxg3 Qxg3 36. Qf2 Qg4 37. Qe2 Qxc4 38. Nf4 Qc1+ 39. Qe1 Qc4+ 40. Qe2 Qc1+ 41. Qe1 Qc4+ 42. Qe2 1/2-1/2

[Event "*** SCC Grand Prix: Titled Tuesday Blitz"]
[Site "Chess.com"]
[Date "2020.06.02"]
[Round "2"]
[White "lukas_111111"]
[Black "swimmerchess"]
[Result "0-1"]
[WhiteElo "2532"]
[BlackElo "2829"]
[TimeControl "180+1"]
[EndTime "10:17:49 PDT"]
[Termination "swimmerchess won by resignation"]

1. e4 c5 2. Nf3 d6 3. d4 cxd4 4. Nxd4 Nf6 5. Nc3 Nc6 6. f3 e5 7. Nb3 Be7 8. Be3 O-O 9. Qd2 a5 10. Bb5 Na7 11. Bxa7 Rxa7 12. O-O-O Be6 13. a4 Ne8 14.
Kb1 Nc7 15. Qe3 Qb8 16. Qb6 Rc8 17. h4 Nxb5 18. Nxb5 Ra6 19. Qe3 Rc4 20. Nc3 Rb4 21. Nd5 Bxd5 22. Rxd5 Rxa4 23. Rhd1 Qc7 24. Qd2 b6 25. f4 Rxe4 26. Qd3 Qc4 27. Qxc4 Rxc4 28. fxe5 Ra8 29. exd6 Bf8 30. Nd4 Rd8 31. Nb5 Rxh4 32. d7 Be7 33. Re5 Kf8 34. b3 Rh6 35. c4 Rc6 36.
Red5 Bf6 37. Kc2 Re6 38. g4 h6 39. R1d2 Ke7 40. Nc7 Re5 41. Rd6 Bg5 42. Nd5+ Kxd6 0-1

[Event "*** SCC Grand Prix: Titled Tuesday Blitz"]
[Site "Chess.com"]
[Date "2020.06.02"]
[Round "2"]
[White "crywolf1986"]
[Black "Dynamikus"]
[Result "0-1"]
[WhiteElo "2500"]
[BlackElo "2740"]
[TimeControl "180+1"]
[EndTime "10:17:49 PDT"]
[Termination "Dynamikus won by checkmate"]

1. d4 Nf6 2. Nf3 g6 3. c4 Bg7 4. g3 O-O 5. Bg2 d6 6. O-O Nc6 7. Nc3 e5 8. dxe5 dxe5 9. Qxd8 Rxd8 10. Bg5 Be6 11. b3 h6 12. Bxf6 Bxf6 13. e4 Rd7 14.
Nd5 Kg7 15. a3 Bg4 16. Rab1 Bxf3 17. Bxf3 h5 18. Bg2 Nd4 19. Bh3 Ne6 20. Bxe6 fxe6 21. Nxf6 Kxf6 22. Rfd1 Rad8 23. Rxd7 Rxd7 24. Kf1 Rd4 25.
Re1 g5 26. h3 a5 27. a4 Ke7 28. Re3 Kd6 29. h4 g4 30. Ke2 Kc5 31.
f3 gxf3+ 32. Kxf3 Rd1 33. g4 Rh1 34. g5 Rxh4 35. Re2 Rf4+ 36. Ke3 Rg4 37. Rh2 Rxg5 38. Rh3 Kb4 39. Kf2 c6 40. Ke2 b6 41. Kd2 Rg2+ 42. Kd3 Rb2 43. Rxh5 Rxb3+ 44. Kd2 Kxc4 45. Rxe5 b5 46. axb5 cxb5 47. Rxe6 a4 48. e5 a3 49. Ra6 b4 50. e6 Rb2+ 51. Ke1 Kd3 52. e7 Re2+ 53. Kd1 Rxe7 54. Kc1 Re1# 0-1

[Event "*** SCC Grand Prix: Titled Tuesday Blitz"]
[Site "Chess.com"]
[Date "2020.06.02"]
[Round "2"]
[White "amelia91"]
[Black "Nastya_Rakhmangulova"]
[Result "1-0"]
[WhiteElo "1960"]
[BlackElo "2334"]
[TimeControl "180+1"]
[EndTime "10:17:49 PDT"]
[Termination "amelia91 won on time"]

1. d4 d5 2. Nf3 Nf6 3. e3 e6 4.
Bd3 Bd6 5. Nbd2 b6 6. Ne5 Bxe5 7. dxe5 Nfd7 8. f4 c5 9. Qg4 g6 10. c3 Bb7 11. Nf3 Nc6 12. Bd2 Qe7 13. O-O O-O-O 14. a3 f6 15. exf6 Nxf6 16. Qg3 Ne4 17. Qe1 e5 18. Bxe4 dxe4 19. Ng5 exf4 20. exf4 Rhe8 21. Be3 h6 22. Nh3 Na5 23. b4 Nc4 24. bxc5 Nxe3 25. Qxe3 Rd3 26. Qe2 Qxc5+ 27. Kh1 e3 28. Qxd3 Qh5 29.
Ng1 Qg4 30. Qe2 Qf5 31. h3 Kb8 32. Rad1 a5 33. Kh2 Ka7 34. Rd4 Ba6 35. Qd1 Bxf1 36. Qxf1 Qc5 37. Qd3 1-0

[Event "*** SCC Grand Prix: Titled Tuesday Blitz"]
[Site "Chess.com"]
[Date "2020.06.02"]
[Round "2"]
[White "Fandorine"]
[Black "rubhani"]
[Result "1-0"]
[WhiteElo "2905"]
[BlackElo "2564"]
[TimeControl "180+1"]
[EndTime "10:17:50 PDT"]
[Termination "Fandorine won by checkmate"]

1. e4 c5 2. Nf3 d6 3. d4 cxd4 4. Nxd4 Nf6 5. Nc3 a6 6. h3 e6 7. g4 Nfd7 8. Bg2 Be7 9. g5 Nc6 10. h4 Qc7 11. Be3 Nce5 12. Qe2 b5 13. O-O-O Bb7 14.
f4 Nc4 15. f5 Nxe3 16. Qxe3 Nc5 17. fxe6 fxe6 18. Bh3 b4 19. Na4 e5 20. Ne6 Nxe6 21.
Bxe6 Bc8 22. Bd5 Rb8 23. Rhf1 Bd7 24. b3 Rf8 25. Rxf8+ Bxf8 26. Nb2 Qc3 27. Qxc3 bxc3 28. Nc4 Bb5 29. a4 Bxc4 30. Bxc4 a5 31. Rd3 h6 32. gxh6 gxh6 33. h5 Be7 34. Rxc3 Bg5+ 35. Kb2 Kd8 36. Rf3 Rb7 37. Bd5 Re7 38. c3 Kc7 39. b4 Kb6 40. Kb3 Rc7 41. Rf8 Bd2 42. Rb8+ Ka7 43. Ra8+ Kb6 44.
bxa5+ Kc5 45. Rb8 Ra7 46. Rb5# 1-0

[Event "*** SCC Grand Prix: Titled Tuesday Blitz"]
[Site "Chess.com"]
[Date "2020.06.02"]
[Round "2"]
[White "Marty435"]
[Black "Vuk2000"]
[Result "1/2-1/2"]
[WhiteElo "2439"]
[BlackElo "2656"]
[TimeControl "180+1"]
[EndTime "10:17:50 PDT"]
[Termination "Game drawn by repetition"]

1. e4 e6 2. d4 d5 3. Nc3 Bb4 4. e5 c5 5. a3 Bxc3+ 6. bxc3 Ne7 7. Qg4 Qc7 8. Qxg7 Rg8 9. Qxh7 cxd4 10. Ne2 Nbc6 11.
f4 Bd7 12. Qd3 dxc3 13. Qxc3 Nf5 14. Rg1 Qb6 15. g4 Rc8 16. gxf5 Rxg1 17. Nxg1 Qxg1 18. fxe6 Bxe6 19. Qe3 Qxh2 20. Bd2 Bg4 21. Rb1 b6 22. Qf2 Qh1 23. Qg2 Qh4+ 24. Qf2 Qh7 25. Ba6 Qxc2 26. Rc1 Qe4+ 27. Qe3 Qh1+ 28. Kf2 Qh2+ 29.
Ke1 Rc7 30. Bb5 Bd7 31. e6 fxe6 32. Bxc6 Qh4+ 33. Kf1 Qh1+ 34. Kf2 Qh2+ 35. Kf1 Qh1+ 36. Ke2 Qh5+ 37. Kf2 Qh4+ 38. Kf1 Qh1+ 1/2-1/2

[Event "*** SCC Grand Prix: Titled Tuesday Blitz"]
[Site "Chess.com"]
[Date "2020.06.02"]
[Round "2"]
[White "amintabatabaei"]
[Black "talman67"]
[Result "1-0"]
[WhiteElo "2935"]
[BlackElo "2573"]
[TimeControl "180+1"]
[EndTime "10:17:51 PDT"]
[Termination "amintabatabaei won by resignation"]

1. c4 Nf6 2. Nc3 e5 3. Nf3 Nc6 4. e3 Bb4 5. Qc2 Bxc3 6. Qxc3 Qe7 7. d4 Ne4 8. Qd3 exd4 9. Nxd4 Qb4+ 10. Bd2 Qxd2+ 11.
Qxd2 Nxd2 12. Kxd2 Nxd4 13. exd4 d6 14. Re1+ Kd8 15.
Bd3 h6 16. h4 Re8 17. Kc3 Bd7 18. b4 Re7 19. Be4 Bc6 20. Bxc6 bxc6 21. a4 a6 22. d5 cxd5 23. cxd5 Rxe1 24. Rxe1 Kd7 25. a5 Rb8 26.
Kc4 Rb7 27. h5 c6 28. dxc6+ Kxc6 29. Re8 Rb5 30. Rc8+ Kb7 31. Rf8 Rf5 32. f3 Kc6 33.
Rb8 d5+ 34. Kd4 Rf4+ 35. Ke5 Rc4 36. Rb6+ Kc7 37. Kxd5 Rc2 38. Rxa6 Rxg2 39. Ra7+ Kb8 40.
Rxf7 1-0

[Event "*** SCC Grand Prix: Titled Tuesday Blitz"]
[Site "Chess.com"]
[Date "2020.06.02"]
[Round "2"]
[White "csati17"]
[Black "Vaathi_Coming"]
[Result "0-1"]
[WhiteElo "2550"]
[BlackElo "2866"]
[TimeControl "180+1"]
[EndTime "10:17:51 PDT"]
[Termination "Vaathi_Coming won by resignation"]

1. c4 e5 2. g3 Nf6 3. Bg2 Nc6 4.
Nc3 Bc5 5. e3 h5 6. h3 d6 7. Nge2 Bf5 8. d4 Bb6 9. d5 Ne7 10. e4 Bd7 11. Bg5 Nh7 12. Bd2 Ng6 13. Qc2 h4 14. Rf1 Qe7 15. O-O-O O-O-O 16. g4 Ng5 17. Kb1 Kb8 18. Rc1 Qf6 19. f4 exf4 20. Nxf4 Nxf4 21. Bxf4 Qe7 22. Bxg5 Qxg5 23. Rxf7 Rhf8 24.
Rcf1 Rxf7 25. Rxf7 Qg6 26. Rf1 Bd4 27. Ne2 Be5 28.
Qd2 c6 29. Nd4 cxd5 30. cxd5 Rc8 31. Rc1 Rxc1+ 32. Kxc1 Qf6 33. Nf5 g6 34. Qh6 Bxb2+ 35. Kb1 gxf5 36. Qh7 Qc3 37. Qh6 Ba3 0-1

[Event "*** SCC Grand Prix: Titled Tuesday Blitz"]
[Site "Chess.com"]
[Date "2020.06.02"]
[Round "2"]
[White "jocmil"]
[Black "JakubPulpan"]
[Result "0-1"]
[WhiteElo "2483"]
[BlackElo "2723"]
[TimeControl "180+1"]
[EndTime "10:17:51 PDT"]
[Termination "JakubPulpan won by resignation"]

1. d4 Nf6 2. Nf3 e6 3. Bg5 c5 4. c3 Nc6 5. e3 h6 6. Bh4 Be7 7.
Nbd2 b6 8. Bd3 Bb7 9. Qe2 cxd4 10. exd4 Nh5 11. Bg3 Nxg3 12. hxg3 Qc7 13. Ba6 Bxa6 14.
Qxa6 b5 15. d5 exd5 16. Qxb5 d4 17. cxd4 Rb8 18. Qc4 d5 19. Qc3 O-O 20. Rc1 Rfc8 21. O-O Bb4 22. Qd3 Bxd2 23. Qxd2 Qb6 24. b3 Rc7 25.
Rc2 Re7 26. Rfc1 Re6 27. Rc5 Rd8 28. Qf4 Nb4 29. Rc7 Rf6 30. Qd2 Nc6 31. R7xc6 Rxc6 32. Rxc6 Qxc6 33. Ne5 Qc7 34. Nd3 Re8 35. Nc5 Qb6 36.
g4 Qb5 37. g3 Qe2 38. Qxe2 Rxe2 39. a4 Rd2 40. b4 Rxd4 41. b5 Rc4 42. Nb3 Rxa4 0-1